 Dungeon Crawl Stone Soup version 0.24-a0-102-g7635c99 (console) character file.

Game seed: 7556785693827196535

91 Duffy the Firebug (level 4, -2/27 HPs)
             Began as an Octopode Fire Elementalist on Feb 12, 2019.
             Slain by a hobgoblin (3 damage)
             ... on level 3 of the Dungeon.
             The game lasted 00:02:11 (2377 turns).

Duffy the Firebug (Octopode Fire Elementalist)      Turns: 2377, Time: 00:02:11

Health: -2/27      AC:  1    Str:  7    XL:     4   Next: 57%
Magic:  0/7        EV: 13    Int: 18    God:
Gold:   94         SH:  0    Dex: 12    Spells: 3/7 levels left

rFire    . . .     SeeInvis .   b - 5 rations
rCold    . . .     Gourm    .   (no shield)
rNeg     . . .     Faith    .   (helmet restricted)
rPois    .         Spirit   .   (no amulet)
rElec    .         Reflect  .   (no ring)
rCorr    .         Harm     .   (no ring)
MR       .....                  (no ring)
Stlth    +++.......             (no ring)
HPRegen  0.09/turn              (no ring)
MPRegen  0.10/turn              (no ring)
                                (no ring)
                                (no ring)

@: no status effects
A: almost no armour, stealthy swim, amphibious, 8 rings, constrict 8, camouflage
1, gelatinous body 1
a: no special abilities


You were on level 3 of the Dungeon.
You were not hungry.

You visited 1 branch of the dungeon, and saw 3 of its levels.

You collected 94 gold pieces.

Inventory:

Scrolls
 e - 2 scrolls of identify {unknown}
 f - a scroll of random uselessness {unknown}
Potions
 a - a potion of curing {unknown}
 d - a potion of might {unknown}
 g - a potion of heal wounds {unknown}
Comestibles
 b - 5 rations (in tentacle)


   Skills:
 - Level 2.0 Dodging
 - Level 2.6 Stealth
 + Level 2.4 Spellcasting
 + Level 3.4 Conjurations
 + Level 3.4 Fire Magic


You had 3 spell levels left.
You knew the following spells:

 Your Spells              Type           Power        Failure   Level  Hunger
h - Flame Tongue          Conj/Fire      ##...        4%          1    #......
l - Conjure Flame         Conj/Fire      ##......     12%         3    ###....

Your spell library contained the following spells:

 Spells                   Type           Power        Failure   Level  Hunger
 Throw Flame              Conj/Fire      ##....       6%          2    ##.....
 Inner Flame              Hex/Fire       #.......     26%         3    ###....
 Sticky Flame             Conj/Fire      ##......     38%         4    #####..
 Fireball                 Conj/Fire      ##........   75%         5    ######.


Dungeon Overview and Level Annotations

Branches:
Dungeon (3/15)

Altars:


Innate Abilities, Weirdness & Mutations

You cannot wear most types of armour.
You are very stealthy in the water. (Stealth+)
You are amphibious.
You can wear up to eight rings at the same time.
You can use your tentacles to constrict eight enemies at once.
Your skin changes colour to match your surroundings (Stealth+).
Your rubbery body absorbs attacks. (AC +1, EV +1)


Message History

The hobgoblin hits you but does no damage.
Wield which item (- for none, * to show all)? (? for menu, Esc to quit)
Okay, then.
Really attack while wielding your 5 rations?
You clumsily bash the hobgoblin but do no damage.
You grab the hobgoblin. You constrict the hobgoblin. The hobgoblin hits you.
You clumsily bash the hobgoblin but do no damage.
The hobgoblin is moderately wounded.
You constrict the hobgoblin, but do no damage.
The hobgoblin hits you. x2
You clumsily bash the hobgoblin but do no damage.
You squeeze the hobgoblin, but do no damage.
The hobgoblin is moderately wounded.
You constrict the hobgoblin, but do no damage.
The hobgoblin hits you.
You clumsily bash the hobgoblin but do no damage.
The hobgoblin is moderately wounded.
You constrict the hobgoblin, but do no damage.
The hobgoblin barely misses you. The hobgoblin hits you.
You die...

.............# ##8
.............##8..
.............##...
.............#>.
.............##.
.............#
...^.........#
....%%.......######
.0............%.g@#
####.##############
#....# ####.#
###### #######.#
#..... ........#
#.#### #########
#.#### #[#...
#.#...


You could see a hobgoblin.

Vanquished Creatures
  Jessica (D:2)
  An adder (D:2)
  An ooze (D:3)
  A dart slug (D:1)
  An orc (D:3)
  7 giant cockroaches
  6 goblins
  2 hobgoblins
  6 jackals
  2 ball pythons
  5 bats
  5 frilled lizards
  2 kobolds (D:2)
  8 rats
48 creatures vanquished.

Notes
Turn   | Place    | Note
-------+----------+-------------------------------------------
     0 | D:1      | Duffy the Octopode Fire Elementalist began the quest for
                  | the Orb.
     0 | D:1      | Reached XP level 1. HP: 11/11 MP: 3/3
   209 | D:1      | Reached XP level 2. HP: 15/17 MP: 1/5
   931 | D:1      | Reached XP level 3. HP: 21/21 MP: 3/6
  1206 | D:1      | Learned a level 3 spell: Conjure Flame
  1512 | D:2      | Noticed Jessica
  1529 | D:2      | Killed Jessica
  1529 | D:2      | Reached XP level 4. HP: 24/27 MP: 3/7
  2376 | D:3      | HP: 1/27 [hobgoblin (3)]
  2377 | D:3      | Slain by a hobgoblin

Levels and vault maps discovered:
D:1:      minmay_arrival_split_and_join, layout_loops_ring
D:2:      layout_rooms, uniq_jessica
D:3:      layout_basic, nicolae_overflow_hidden_temple

Skill      XL: |  1  2  3 |
---------------+----------+-----
Conjurations   | 2 3 |  3.4
Dodging        | |  2.0
Stealth        | |  2.6
Spellcasting   | |  2.4
Fire Magic     | |  3.4

Action                   |  1- 3 |  4- 6 || total
-------------------------+-------+-------++-------
Melee: Constrict         |       |     1 ||     1
       Tentacles         |       |     1 ||     1
 Cast: Flame Tongue      |    50 |    43 ||    93
  Eat: Chunk             |     2 |     3 ||     5
Armor: Skin              |     2 |    10 ||    12
Dodge: Dodged            |    20 |    46 ||    66

Table legend:
 A = Non-vault XP
 B = Vault XP
 C = Vault XP percentage of total XP
 D = Non-vault monster count
 E = Vault monster count
 F = Vault count percentage of total count
                 A         B        C        D         E       F
            +---------+---------+-------+---------+---------+-------
      Total |      93 |      37 |  28.5 |      47 |       1 |   2.1
            +---------+---------+-------+---------+---------+-------
        D:1 |      35 |       0 |   0.0 |      21 |       0 |   0.0
        D:2 |      43 |      37 |  46.2 |      20 |       1 |   4.8
        D:3 |      15 |       0 |   0.0 |       6 |       0 |   0.0
            +---------+---------+-------+---------+---------+-------
